[ AOE2 MATCH · #505929538 ]
UnrankedKhitans vs Poles
Player's team · WIN
Rival team · LOSS
[ REPLAY ANALYSIS · EXTRACTED FROM THE RECORDED GAME ]
Feudal
12:40
Castle
19:30
Imperial
36:55
| APM avg | 66.1 |
| APM peak | 134 |
| eAPM avg | 32.2 |
| Villagers / military | 253 / 115 |
Focus
⚔️ 41.1% · 🌾 58.9%
Cavalry Archer ×84 · Iron Pagoda ×15 · Archer ×6 · Militia ×4 · Spearman ×4 · Monk ×2
Feudal
8:51
Castle
20:27
Imperial
—
| APM avg | 70.5 |
| APM peak | 119 |
| eAPM avg | 36.1 |
| Villagers / military | 149 / 77 |
Focus
⚔️ 42.8% · 🌾 57.2%
Skirmisher ×34 · Knight ×14 · Scout Cavalry ×11 · Cavalry Archer ×10 · Mangonel ×5 · Archer ×3
Match map
Initial resources + every placement click. Lines = walls · curves = elevation contours. ◆ gold · ⬟ stone · ● berries · ✦ relic · ◌ wall gap
Your base· Open — 3t gap
CNZS_迷你车仁's base· Open — 7t gap
Smoothed initial terrain · ◌ = detected wall gap · hover for details
Inputs per minute
— Zezlot - - CNZS_迷你车仁
Build order — Zezlot
First 150 of 469 actions detected
| 0:01 | Queue | Villager (Male) |
| 0:01 | Build | House |
| 0:02 | Build | House |
| 0:06 | Queue | Villager (Male) |
| 0:07 | Queue | Villager (Male) |
| 0:07 | Queue | Villager (Male) |
| 1:25 | Queue | Villager (Male) |
| 2:03 | Queue | Villager (Male) |
| 2:03 | Queue | Villager (Male) |
| 2:35 | Build | House |
| 2:56 | Queue | Villager (Male) |
| 2:57 | Queue | Villager (Male) |
| 3:30 | Build | Barracks |
| 3:34 | Queue | Villager (Male) |
| 4:03 | Queue | Villager (Male) |
| 4:20 | Build | Palisade Wall |
| 4:33 | Queue | Militia |
| 4:35 | Queue | Villager (Male) |
| 4:36 | Queue | Militia |
| 4:39 | Queue | Villager (Male) |
| 4:55 | Queue | Militia |
| 5:00 | Build | House |
| 5:25 | Queue | Villager (Male) |
| 5:28 | Queue | Militia |
| 5:40 | Build | Mill |
| 5:52 | Queue | Villager (Male) |
| 5:52 | Queue | Villager (Male) |
| 6:04 | Build | Palisade Wall |
| 6:20 | Queue | Villager (Male) |
| 6:29 | Build | Lumber Camp |
| 6:45 | Queue | Villager (Male) |
| 6:46 | Queue | Villager (Male) |
| 7:04 | Queue | Villager (Male) |
| 7:04 | Queue | Villager (Male) |
| 7:11 | Queue | Villager (Male) |
| 7:40 | Build | House |
| 7:43 | Queue | Villager (Male) |
| 7:52 | Queue | Villager (Male) |
| 7:53 | Queue | Villager (Male) |
| 7:54 | Queue | Villager (Male) |
| 8:05 | Build | Pasture |
| 8:05 | Queue | Villager (Male) |
| 8:17 | Queue | Villager (Male) |
| 8:20 | Build | House |
| 8:25 | Queue | Villager (Male) |
| 8:25 | Queue | Villager (Male) |
| 8:57 | Build | Pasture |
| 8:57 | Queue | Villager (Male) |
| 8:58 | Queue | Villager (Male) |
| 9:08 | Build | Palisade Wall |
| 9:18 | Queue | Villager (Male) |
| 9:31 | Queue | Villager (Male) |
| 9:39 | Queue | Villager (Male) |
| 9:51 | Queue | Villager (Male) |
| 9:51 | Queue | Villager (Male) |
| 9:54 | Build | Palisade Wall |
| 9:54 | Queue | Villager (Male) |
| 9:55 | Queue | Villager (Male) |
| 9:56 | Queue | Villager (Male) |
| 10:02 | Build | Palisade Wall |
| 10:03 | Queue | Villager (Male) |
| 10:03 | Queue | Villager (Male) |
| 10:03 | Queue | Villager (Male) |
| 10:04 | Queue | Villager (Male) |
| 10:11 | Queue | Villager (Male) |
| 10:14 | Queue | Villager (Male) |
| 10:17 | Queue | Villager (Male) |
| 10:26 | Research | Feudal Age |
| 10:26 | Research | Feudal Age |
| 10:27 | Build | House |
| 10:28 | Queue | Villager (Male) |
| 10:29 | Queue | Villager (Male) |
| 10:30 | Queue | Villager (Male) |
| 10:33 | Build | House |
| 10:34 | Build | Palisade Wall |
| 10:55 | Build | Palisade Wall |
| 10:56 | Queue | Villager (Male) |
| 11:05 | Build | House |
| 11:06 | Build | Palisade Wall |
| 11:08 | Queue | Villager (Male) |
| 11:09 | Queue | Villager (Male) |
| 11:15 | Research | Loom |
| 11:15 | Research | Loom |
| 11:27 | Build | Pasture |
| 11:27 | Queue | Villager (Male) |
| 11:28 | Queue | Villager (Male) |
| 11:29 | Queue | Villager (Male) |
| 11:35 | Queue | Villager (Male) |
| 11:39 | Queue | Villager (Male) |
| 11:40 | Build | Palisade Wall |
| 11:41 | Queue | Villager (Male) |
| 11:45 | Queue | Villager (Male) |
| 11:46 | Queue | Villager (Male) |
| 11:54 | Queue | Villager (Male) |
| 11:54 | Queue | Villager (Male) |
| 11:58 | Build | Palisade Wall |
| 12:11 | Build | Lumber Camp |
| 12:11 | Queue | Villager (Male) |
| 12:13 | Queue | Villager (Male) |
| 12:13 | Queue | Villager (Male) |
| 12:34 | Queue | Villager (Male) |
| 12:34 | Queue | Villager (Male) |
| 12:35 | Queue | Villager (Male) |
| 12:38 | Queue | Villager (Male) |
| 12:39 | Queue | Villager (Male) |
| 12:40 | Queue | Villager (Male) |
| 12:40 | Age | Feudal Age |
| 12:52 | Queue | Villager (Male) |
| 13:04 | Queue | Villager (Male) |
| 13:11 | Queue | Villager (Male) |
| 13:14 | Queue | Villager (Male) |
| 13:20 | Queue | Spearman |
| 13:20 | Queue | Spearman |
| 13:20 | Queue | Villager (Male) |
| 13:35 | Queue | Villager (Male) |
| 13:35 | Queue | Villager (Male) |
| 13:38 | Queue | Spearman |
| 13:38 | Queue | Spearman |
| 13:38 | Queue | Villager (Male) |
| 13:49 | Build | Pasture |
| 13:50 | Queue | Villager (Male) |
| 14:05 | Build | Pasture |
| 14:16 | Queue | Villager (Male) |
| 14:16 | Queue | Villager (Male) |
| 14:17 | Queue | Villager (Male) |
| 14:29 | Queue | Villager (Male) |
| 14:32 | Build | Mining Camp |
| 14:33 | Queue | Villager (Male) |
| 14:33 | Queue | Villager (Male) |
| 14:51 | Queue | Villager (Male) |
| 15:17 | Queue | Villager (Male) |
| 15:30 | Queue | Villager (Male) |
| 15:33 | Queue | Villager (Male) |
| 15:38 | Build | Archery Range |
| 15:38 | Queue | Villager (Male) |
| 15:39 | Queue | Villager (Male) |
| 15:40 | Queue | Villager (Male) |
| 15:54 | Queue | Villager (Male) |
| 15:55 | Queue | Villager (Male) |
| 15:56 | Queue | Villager (Male) |
| 15:56 | Queue | Villager (Male) |
| 16:04 | Build | Blacksmith |
| 16:04 | Queue | Villager (Male) |
| 16:05 | Queue | Villager (Male) |
| 16:06 | Queue | Villager (Male) |
| 16:07 | Queue | Villager (Male) |
| 16:08 | Queue | Villager (Male) |
| 16:09 | Queue | Villager (Male) |
| 16:17 | Queue | Villager (Male) |
| 16:21 | Queue | Villager (Male) |
Build order — CNZS_迷你车仁
First 150 of 416 actions detected
| 0:01 | Queue | Villager (Male) |
| 0:02 | Build | House |
| 0:02 | Build | House |
| 0:06 | Queue | Villager (Male) |
| 0:07 | Queue | Villager (Male) |
| 0:07 | Queue | Villager (Male) |
| 0:07 | Queue | Villager (Male) |
| 0:07 | Queue | Villager (Male) |
| 1:36 | Queue | Villager (Male) |
| 1:36 | Queue | Villager (Male) |
| 1:45 | Build | Lumber Camp |
| 1:54 | Queue | Villager (Male) |
| 1:54 | Queue | Villager (Male) |
| 2:20 | Queue | Villager (Male) |
| 2:20 | Queue | Villager (Male) |
| 2:20 | Queue | Villager (Male) |
| 3:03 | Queue | Villager (Male) |
| 3:29 | Queue | Villager (Male) |
| 3:29 | Queue | Villager (Male) |
| 3:54 | Build | House |
| 3:58 | Queue | Villager (Male) |
| 3:58 | Queue | Villager (Male) |
| 4:07 | Queue | Villager (Male) |
| 4:07 | Queue | Villager (Male) |
| 4:08 | Queue | Villager (Male) |
| 4:19 | Build | Mill |
| 4:32 | Queue | Villager (Male) |
| 4:32 | Queue | Villager (Male) |
| 4:32 | Queue | Villager (Male) |
| 5:03 | Queue | Villager (Male) |
| 5:04 | Queue | Villager (Male) |
| 6:09 | Research | Loom |
| 6:22 | Research | Feudal Age |
| 6:51 | Build | Palisade Wall |
| 6:52 | Build | Palisade Wall |
| 6:53 | Build | Palisade Wall |
| 7:02 | Build | Palisade Gate |
| 7:11 | Queue | Villager (Male) |
| 7:36 | Build | Barracks |
| 7:38 | Build | House |
| 7:41 | Queue | Villager (Male) |
| 7:57 | Build | Palisade Wall |
| 8:00 | Queue | Villager (Male) |
| 8:15 | Queue | Villager (Male) |
| 8:51 | Age | Feudal Age |
| 8:59 | Build | Stable |
| 9:01 | Research | Double-Bit Axe |
| 9:01 | Research | Double-Bit Axe |
| 9:02 | Queue | Villager (Male) |
| 9:26 | Research | Horse Collar |
| 9:26 | Research | Horse Collar |
| 9:40 | Queue | Scout Cavalry |
| 9:40 | Queue | Scout Cavalry |
| 9:52 | Build | Farm |
| 10:05 | Queue | Villager (Male) |
| 10:09 | Build | Farm |
| 10:21 | Build | House |
| 10:23 | Build | Palisade Wall |
| 10:28 | Queue | Villager (Male) |
| 10:29 | Queue | Scout Cavalry |
| 10:29 | Queue | Scout Cavalry |
| 10:35 | Build | Farm |
| 10:50 | Build | Farm |
| 10:54 | Queue | Villager (Male) |
| 11:04 | Build | Farm |
| 11:05 | Queue | Villager (Male) |
| 11:11 | Queue | Scout Cavalry |
| 11:11 | Queue | Scout Cavalry |
| 11:18 | Build | House |
| 11:23 | Build | Palisade Gate |
| 11:25 | Build | Palisade Wall |
| 11:26 | Build | Palisade Wall |
| 11:27 | Build | Palisade Wall |
| 11:28 | Build | Palisade Wall |
| 11:29 | Queue | Villager (Male) |
| 11:40 | Queue | Scout Cavalry |
| 11:40 | Queue | Scout Cavalry |
| 11:48 | Build | Farm |
| 12:01 | Build | Farm |
| 12:07 | Queue | Villager (Male) |
| 12:21 | Queue | Villager (Male) |
| 12:21 | Queue | Villager (Male) |
| 12:30 | Build | Mill |
| 12:36 | Queue | Villager (Male) |
| 13:04 | Queue | Villager (Male) |
| 13:14 | Queue | Scout Cavalry |
| 13:21 | Build | Blacksmith |
| 13:42 | Queue | Villager (Male) |
| 13:46 | Build | Farm |
| 13:47 | Build | Farm |
| 13:48 | Build | Farm |
| 13:48 | Build | Farm |
| 14:03 | Queue | Scout Cavalry |
| 14:03 | Queue | Scout Cavalry |
| 14:15 | Queue | Villager (Male) |
| 14:23 | Build | House |
| 14:27 | Build | Farm |
| 14:30 | Build | Farm |
| 14:32 | Queue | Villager (Male) |
| 14:55 | Queue | Villager (Male) |
| 14:59 | Build | Mining Camp |
| 15:15 | Queue | Villager (Male) |
| 15:16 | Build | House |
| 15:28 | Build | Mining Camp |
| 15:34 | Queue | Villager (Male) |
| 15:48 | Build | Palisade Wall |
| 15:49 | Build | Palisade Wall |
| 15:50 | Build | Palisade Wall |
| 15:52 | Build | Palisade Wall |
| 15:53 | Build | Palisade Wall |
| 15:55 | Build | House |
| 16:04 | Build | Lumber Camp |
| 16:21 | Build | House |
| 16:32 | Queue | Villager (Male) |
| 16:48 | Build | Blacksmith |
| 16:51 | Queue | Villager (Male) |
| 17:11 | Queue | Villager (Male) |
| 17:24 | Build | Farm |
| 17:30 | Build | Stone Wall |
| 17:37 | Build | Palisade Wall |
| 17:41 | Research | Castle Age |
| 17:42 | Research | Castle Age |
| 18:12 | Build | Archery Range |
| 18:25 | Research | Fletching |
| 18:25 | Research | Fletching |
| 18:32 | Build | Farm |
| 18:50 | Build | Palisade Gate |
| 18:51 | Build | Palisade Wall |
| 19:05 | Queue | Archer |
| 19:13 | Build | Archery Range |
| 19:22 | Build | Palisade Wall |
| 19:24 | Queue | Villager (Male) |
| 19:50 | Build | Palisade Wall |
| 19:52 | Queue | Archer |
| 20:27 | Age | Castle Age |
| 20:29 | Queue | Cavalry Archer |
| 20:29 | Queue | Cavalry Archer |
| 20:30 | Queue | Archer |
| 20:46 | Research | Bow Saw |
| 20:46 | Research | Bow Saw |
| 21:03 | Research | Bodkin Arrow |
| 21:03 | Research | Bodkin Arrow |
| 21:04 | Queue | Villager (Male) |
| 21:05 | Queue | Cavalry Archer |
| 21:05 | Queue | Cavalry Archer |
| 21:10 | Queue | Knight |
| 21:21 | Research | Bloodlines |
| 21:21 | Research | Husbandry |
| 21:22 | Research | Husbandry |
| 21:42 | Queue | Villager (Male) |
Match timeline
| 3:30 | Zezlot · first_building Barracks |
| 4:20 | Zezlot · wall_segment Palisade Wall x6 |
| 6:04 | Zezlot · wall_segment Palisade Wall x8 |
| 6:51 | CNZS_迷你车仁 · wall_segment Palisade Wall x1 |
| 6:52 | CNZS_迷你车仁 · wall_segment Palisade Wall x1 |
| 6:53 | CNZS_迷你车仁 · wall_segment Palisade Wall x1 |
| 7:36 | CNZS_迷你车仁 · first_building Barracks |
| 7:57 | CNZS_迷你车仁 · wall_segment Palisade Wall x6 |
| 8:51 | CNZS_迷你车仁 · age_up feudal |
| 8:59 | CNZS_迷你车仁 · first_building Stable |
| 9:08 | Zezlot · wall_segment Palisade Wall x6 |
| 9:54 | Zezlot · wall_segment Palisade Wall x8 |
| 10:02 | Zezlot · wall_segment Palisade Wall x10 |
| 10:23 | CNZS_迷你车仁 · wall_segment Palisade Wall x5 |
| 10:34 | Zezlot · wall_segment Palisade Wall x3 |
| 10:55 | Zezlot · wall_segment Palisade Wall x1 |
| 11:06 | Zezlot · wall_segment Palisade Wall x4 |
| 11:25 | CNZS_迷你车仁 · wall_segment Palisade Wall x4 |
| 11:26 | CNZS_迷你车仁 · wall_segment Palisade Wall x1 |
| 11:27 | CNZS_迷你车仁 · wall_segment Palisade Wall x1 |
| 11:28 | CNZS_迷你车仁 · wall_segment Palisade Wall x4 |
| 11:40 | Zezlot · wall_segment Palisade Wall x2 |
| 11:58 | Zezlot · wall_segment Palisade Wall x1 |
| 12:40 | Zezlot · age_up feudal |
| 15:38 | Zezlot · first_building Archery Range |
| 15:48 | CNZS_迷你车仁 · wall_segment Palisade Wall x6 |
| 15:49 | CNZS_迷你车仁 · wall_segment Palisade Wall x1 |
| 15:50 | CNZS_迷你车仁 · wall_segment Palisade Wall x1 |
| 15:52 | CNZS_迷你车仁 · wall_segment Palisade Wall x6 |
| 15:53 | CNZS_迷你车仁 · wall_segment Palisade Wall x1 |
| 17:30 | CNZS_迷你车仁 · wall_segment Stone Wall x7 |
| 17:37 | CNZS_迷你车仁 · wall_segment Palisade Wall x7 |
| 18:12 | CNZS_迷你车仁 · first_building Archery Range |
| 18:51 | CNZS_迷你车仁 · wall_segment Palisade Wall x1 |
| 19:22 | CNZS_迷你车仁 · wall_segment Palisade Wall x10 |
| 19:30 | Zezlot · age_up castle |
| 19:50 | CNZS_迷你车仁 · wall_segment Palisade Wall x1 |
| 20:27 | CNZS_迷你车仁 · age_up castle |
| 24:37 | CNZS_迷你车仁 · wall_segment Palisade Wall x1 |
| 25:20 | CNZS_迷你车仁 · wall_segment Palisade Wall x1 |
| 26:35 | Zezlot · first_building Siege Workshop |
| 30:39 | CNZS_迷你车仁 · first_building Siege Workshop |
| 32:20 | CNZS_迷你车仁 · first_building Castle |
| 33:12 | Zezlot · first_building Monastery |
| 34:16 | Zezlot · first_building Castle |
| 36:55 | Zezlot · age_up imperial |
| 37:04 | CNZS_迷你车仁 · resign |
[ AI ANALYSIS · 1 CREDIT ]
What really happened in this match?
Wolo.gg analyzes every decision: build order, eco, micro, common mistakes by bracket. Personalized analysis on WhatsApp or Discord in 30 seconds.
Civ guide
Khitans
Perfil
Jugador #14438285